 Dungeon Crawl Stone Soup version 0.21-a0-352-g5b8f553 (webtiles) character file.

1414 tof the Cleaver (level 8, -9/73 HPs)
             Began as a Minotaur Fighter on Oct 10, 2017.
             Mangled by an orc warrior
             ... wielding a +0 war axe
              (11 damage)
             ... on level 6 of the Dungeon.
             The game lasted 00:10:27 (6237 turns).

tof the Cleaver (Minotaur Fighter)                  Turns: 6237, Time: 00:10:28

Health: -9/73      AC:  8    Str: 20    XL:     8   Next: 43%
Magic:  7/7        EV:  9    Int:  5    God:
Gold:   202        SH:  0    Dex: 13    Spells: 7/7 levels left

rFire    . . .     SeeInvis .   a - +0 war axe
rCold    . . .     Gourm    .   (no shield)
rNeg     . . .     Faith    .   b - +0 scale mail
rPois    .         Spirit   .   (helmet restricted)
rElec    .         Reflect  .   (no cloak)
rCorr    +         Harm     .   i - +0 pair of gloves
MR       +....                  (no boots)
Stlth    ..........             (no amulet)
HPRegen  0.22/turn              o - ring of protection from magic
MPRegen  0.10/turn              u - ring of resist corrosion

@: drained
A: retaliatory headbutt, horns 2
a: no special abilities


You were on level 6 of the Dungeon.
You were not hungry.

You visited 1 branch of the dungeon, and saw 6 of its levels.

You collected 202 gold pieces.

Inventory:

Hand Weapons
 a - a +0 war axe (weapon)
Armour
 b - a +0 scale mail (worn)
 i - a +0 pair of gloves (worn)
Jewellery
 o - a ring of protection from magic (left hand)
 u - a ring of resist corrosion (right hand)
Wands
 A - a wand of random effects (35/48)
Scrolls
 c - 7 scrolls of teleportation {unknown}
 e - 5 scrolls of remove curse {unknown}
 k - 13 scrolls of identify {unknown}
 l - 3 scrolls of enchant weapon {unknown}
 m - 2 scrolls of fear {unknown}
 p - a scroll of random uselessness {unknown}
 x - a scroll of magic mapping {unknown}
 y - a scroll of acquirement {unknown}
Potions
 d - 2 potions of might
 g - 3 potions of heal wounds {unknown}
 h - 4 potions of curing {unknown}
 n - a potion of agility {unknown}
 r - a potion of magic {unknown}
 t - a potion of invisibility {unknown}
 v - 2 potions of lignification {unknown}
Books
 w - a book of Cantrips

   Spells                             Type                      Level
   a - Confusing Touch                Hexes                        1
   b - Animate Skeleton               Necromancy                   1
   c - Summon Small Mammal            Summoning                    1
   d - Apportation                    Translocation                1
Comestibles
 f - 4 bread rations
 j - 2 meat rations
 q - 15 chunks of flesh
 s - 2 royal jellies


   Skills:
 + Level 7.2(6.1) Fighting
 * Level 9.2(8.1) Axes
 + Level 7.2(6.1) Armour
   Level 3.6(2.6) Shields


You had 7 spell levels left.
You didn't know any spells.

Dungeon Overview and Level Annotations

Branches:
Dungeon (6/15)
 Temple: D:4-7

Altars:
Ashenzari
Makhleb
Trog
Uskayaw
Wu Jian

Annotations:
D:5 4thArraOfDagon's ghost, amateur GnMo


Innate Abilities, Weirdness & Mutations

You reflexively headbutt those who attack you in melee.
You have a pair of horns on your head.


Message History

The orc warrior is moderately wounded.
The orc warrior hits you with a war axe!
* * * LOW HITPOINT WARNING * * *
You closely miss the orc warrior.
The orc warrior is moderately wounded.
The orc warrior closely misses you.
You hit the orc warrior. Your headbutt misses the orc warrior.
The orc warrior is moderately wounded.
You completely miss the orc warrior.
You headbutt the orc warrior, but do no damage.
The orc warrior is moderately wounded.
The orc warrior barely misses you.
You barely miss the orc warrior. You headbutt the orc warrior!
The orc warrior is severely wounded.
The orc warrior hits you with a war axe!
* * * LOW HITPOINT WARNING * * *
You closely miss the orc warrior.
The orc warrior is severely wounded.
The orc warrior hits you with a war axe!
You die...

#...............
#...............
#...............
########.....###
##...(.###.
#..........
#..........
#.......... .
##@###+###...
###o##..###...
#.............
#.............
#.............
#........##...
######...# #...#
.....


You could see an orc warrior.

Vanquished Creatures
  Edmund (D:5)
  Duvessa (D:5)
  An ogre (D:5)
  A centaur (D:6)
  2 big kobolds (D:5)
  Blork the orc (D:5)
  Dowan (D:5)
  A scorpion (D:4)
  A howler monkey (D:4)
  A crimson imp (D:5)
  A centaur zombie (D:3)
  A hound (D:4)
  An orc priest (D:6)
  7 orc wizards
  A centaur skeleton (D:6)
  5 worker ants
  A gnoll (D:1)
  6 adders
  An ooze (D:2)
  An adder zombie (D:5)
  7 worms
  2 dart slugs
  3 leopard geckos
  12 orcs
  A ball python (D:2)
  4 giant cockroaches
  5 goblins (D:3)
  7 hobgoblins
  3 jackals (D:1)
  4 quokkas
  10 bats
  11 frilled lizards
  9 kobolds
  A quokka zombie (D:5)
  6 rats
121 creatures vanquished.

Vanquished Creatures (others)
  An orc wizard (D:4)
1 creature vanquished.

Grand Total: 122 creatures vanquished

Notes
Turn   | Place    | Note
-------+----------+-------------------------------------------
     0 | D:1      | tof the Minotaur Fighter began the quest for the Orb.
     0 | D:1      | Reached XP level 1. HP: 19/19 MP: 0/0
     8 | D:1      | Noticed a draconian
     9 | D:1      | Noticed a formicid
    14 | D:1      | Noticed a naga
    15 | D:1      | Noticed a formicid
    19 | D:1      | Noticed a draconian
    19 | D:1      | Noticed a spriggan
    20 | D:1      | Noticed a minotaur
    25 | D:1      | Noticed an octopode
    27 | D:1      | Noticed a vine stalker
    27 | D:1      | Noticed a draconian
    29 | D:1      | Noticed a draconian
   140 | D:1      | Reached skill level 3 in Axes
   140 | D:1      | Reached XP level 2. HP: 24/27 MP: 1/1
   893 | D:2      | Reached XP level 3. HP: 29/33 MP: 2/2
  1147 | D:2      | Noticed a moth of wrath
  1149 | D:2      | Found a bloodstained altar of Trog.
  1459 | D:2      | Reached skill level 4 in Axes
  1606 | D:2      | Reached XP level 4. HP: 35/40 MP: 3/3
  1723 | D:2      | Found an ornate altar of the Wu Jian Council.
  1738 | D:2      | Found a burning altar of Makhleb.
  1738 | D:2      | Noticed a green death
  2203 | D:3      | Found a hide-covered altar of Uskayaw.
  2225 | D:3      | Reached XP level 5. HP: 45/47 MP: 4/4
  2525 | D:4      | Reached skill level 5 in Axes
  2530 | D:4      | Reached skill level 5 in Armour
  2540 | D:4      | Reached skill level 5 in Fighting
  2632 | D:4      | Reached XP level 6. HP: 50/56 MP: 5/5
  2852 | D:4      | Reached skill level 6 in Axes
  3712 | D:4      | Reached XP level 7. HP: 54/62 MP: 6/6
  3802 | D:5      | Entered Level 5 of the Dungeon
  3802 | D:5      | Found a shattered altar of Ashenzari.
  3869 | D:5      | Reached skill level 7 in Axes
  4414 | D:5      | Noticed Blork the orc
  4415 | D:5      | Noticed Dowan
  4416 | D:5      | Noticed Duvessa
  4424 | D:5      | Killed Blork the orc
  4431 | D:5      | Killed Duvessa
  4433 | D:5      | Killed Dowan
  4646 | D:5      | Reached skill level 8 in Axes
  4674 | D:5      | Reached XP level 8. HP: 67/71 MP: 7/7
  4693 | D:5      | Noticed 4thArraOfDagon's ghost (amateur GnMo)
  5574 | D:5      | Noticed Edmund
  5592 | D:5      | Killed Edmund
  6063 | D:6      | Reached skill level 9 in Axes
  6236 | D:6      | HP: 2/73 [orc warrior/war axe (11)]
  6237 | D:6      | Mangled by an orc warrior

Vault maps used:
D:1:      shiori_arrival_whats_in_store_for_you, roderic_serpentine_path
D:2:      tgw_trog, nicolae_overflow_hidden_temple, makhleb_altar_promises_db
D:3:      eat_drink_and_be_merry_uskayaw, nrook_uturn
D:4:      serial_glass, glass_columns_a, glass_columns_a, minivault_23,
          st_stairs_3, minmay_misc_feat_secret_circle,
          minmay_a_box_with_orc_wizards_in_it
D:5:      cheibrodos_thug_alley, cheibrodos_ashenzari_chains, first_bread,
          serial_shops, shop, uniq_blork_the_orc, uniq_duvessa, uniq_edmund
D:6:      temple_green, basic_altar, serial_shops, shop, dk_rats_in_the_wall,
          uniq_eustachio, uniq_prince_ribbit1

Skill      XL: |  1  2  3  4  5  6  7  8 |
---------------+-------------------------+-----
Axes           | 3 4 5 6 8 9 |  9.2
Armour         | 4 5 6 7 |  7.2
Fighting       | 4 5 6 7 |  7.2
Shields        | |  3.6

Action                   |  1- 3 |  4- 6 |  7- 9 || total
-------------------------+-------+-------+-------++-------
Melee: War axe           |    77 |   115 |   166 ||   358
       Headbutt          |    11 |    17 |    32 ||    60
  Eat: Chunk             |     2 |     7 |     4 ||    13
       Meat ration       |       |       |     1 ||     1
       Fruit             |       |       |     1 ||     1
Armor: Scale mail        |    46 |    60 |    53 ||   159
Dodge: Dodged            |    54 |    57 |    66 ||   177

Table legend:
 A = Spawn XP
 B = Non-spawn XP
 C = Spawn XP percentage of total XP
 D = Spawn monster count
 E = Non-spawn monster count
 F = Spawn count percentage of total count
 G = Total turns spent on level
                    A         B        C        D         E        F      G
               +---------+---------+-------+---------+---------+-------+---------
         Total |       0 |    2021 |   0.0 |       0 |     122 |   0.0 |  6237
               +---------+---------+-------+---------+---------+-------+---------
           D:1 |       0 |      28 |   0.0 |       0 |       9 |   0.0 |   733
           D:2 |       0 |      78 |   0.0 |       0 |      32 |   0.0 |  1102
           D:3 |       0 |      99 |   0.0 |       0 |      19 |   0.0 |   672
           D:4 |       0 |     578 |   0.0 |       0 |      28 |   0.0 |  2055
           D:5 |       0 |    1001 |   0.0 |       0 |      28 |   0.0 |  1492
           D:6 |       0 |     237 |   0.0 |       0 |       6 |   0.0 |   183
               +---------+---------+-------+---------+---------+-------+---------
